 Dungeon Crawl Stone Soup version 0.19-a0-1823-g21c7ecd (webtiles) character file.

1103 Naow the Cleaver (level 8, 0/66 HPs)
             Began as a Minotaur Berserker on Oct 7, 2016.
             Was a Priest of Trog.
             Slain by a centaur (6 damage)
             ... on level 5 of the Dungeon.
             The game lasted 00:07:01 (3927 turns).

Naow the Cleaver (Minotaur Berserker)               Turns: 3927, Time: 00:07:01

Health: 0/66       AC:  5    Str: 22    XL:     8   Next: 11%
Magic:  7/7        EV: 11    Int:  6    God:    Trog [***...]
Gold:   237        SH:  0    Dex: 10    Spells: 0 memorised, 7 levels left

rFire  . . .     SeeInvis .     x - +0 hand axe (flame)
rCold  . . .     Gourm    +     E - -2 ring mail (curse)
rNeg   + . .     Faith    .     (no shield)
rPois  .         Spirit   .     (helmet restricted)
rElec  .         Dismiss  .     m - +1 cloak
rCorr  .         Reflect  .     (no gloves)
MR     +++..     Harm     .     (no boots)
Stlth  ..........               B - amulet of the gourmand (curse)
                                u - ring of protection from magic
                                k - ring of positive energy

@: lethally poisoned (0 -> 0), exhausted, regenerating, slowed, very slow
A: retaliatory headbutt, horns 2
a: Berserk, Trog's Hand, Burn Spellbooks, Renounce Religion


You were on level 5 of the Dungeon.
You worshipped Trog.
Trog was most pleased with you.
You were very full.

You visited 1 branch of the dungeon, and saw 5 of its levels.

You collected 237 gold pieces.

Inventory:

Hand Weapons
 a - a +0 hand axe
 x - a +0 hand axe of flaming (weapon)
Armour
 b - a +0 animal skin
 m - a +1 cloak (worn)
 E - a cursed -2 ring mail (worn)
Jewellery
 k - a ring of positive energy (left hand)
 n - an uncursed amulet of magic regeneration
 u - a ring of protection from magic (right hand)
 v - an uncursed amulet of regeneration {unknown}
 B - a cursed amulet of the gourmand (around neck)
Scrolls
 d - 3 scrolls of enchant weapon {unknown}
 e - a scroll of immolation {unknown}
 f - 6 scrolls of identify {unknown}
 g - a scroll of enchant armour {unknown}
 i - a scroll of random uselessness {unknown}
 p - a scroll of remove curse {unknown}
 r - 2 scrolls of amnesia {unknown}
 w - 2 scrolls of noise {unknown}
 y - a scroll of recharging {unknown}
 A - a scroll of magic mapping {unknown}
Potions
 j - a potion of curing {unknown}
 o - 2 potions of haste {unknown}
 q - 2 potions of might {unknown}
 t - a potion of agility {unknown}
 z - a potion of resistance {unknown}
 D - 2 potions of degeneration {unknown}
Comestibles
 c - 4 bread rations
 h - a meat ration
 l - 4 chunks of flesh
 s - a royal jelly
 C - a beef jerky


   Skills:
 - Level 3.9 Fighting
 + Level 11.5 Axes
 - Level 2.8 Armour
 - Level 2.4 Dodging


You had 7 spell levels left.
You didn't know any spells.

Dungeon Overview and Level Annotations

Branches:
Dungeon (5/15)
 Temple: D:4-7

Altars:
Dithmenos
Elyvilon
Nemelex Xobeh

Shops:
D:4 =


Innate Abilities, Weirdness & Mutations

You reflexively headbutt those who attack you in melee.
You have a pair of horns on your head.


Message History

You feel resistant to hostile enchantments.
You feel somewhat less full.
You feel sick.
The centaur shoots an arrow.
The arrow hits you.
* * * LOW HITPOINT WARNING * * *
The centaur shoots an arrow.
The arrow closely misses you.
You feel sick.
Things that are here:
a flail; a scroll labeled AQUEN LITTUNU; a halberd You hit the centaur.
You burn the centaur. Your headbutt misses the centaur.
The centaur is lightly wounded.
You feel sick.
The centaur unwields an uncursed shortbow.
The centaur barely misses you.
You hit the centaur. You burn the centaur.
The centaur is moderately wounded.
You feel sick. The centaur misses you. The centaur closely misses you.
You hit the centaur. You burn the centaur.
The centaur is heavily wounded.
You feel sick. The centaur hits you.
You die...

#.........#### #
#.##.######
#.##.##.######### #
#.....?.##....... #
#.##<........###.# #
#.##.#.(.(....c... #
###>##....##)#.###.
####.......#.##.#c###.#
##...........##(@.(...#
.........#.######)#####
##.#.##..#.# #.#
.........#.# ...
##.#.......# ...#
##.##.##.### ....
##.........# #...##
####..#)...# ... #
#...........


You could see a centaur.

Vanquished Creatures
  Eustachio (D:4)
  Menkaure (D:5)
  The ghost of cortexin the Covert, an amateur SpAs of Fedhas (D:4)
  A phantom (D:5)
  2 ogres
  A crimson imp (D:5)
  A hound (D:4)
  A jelly (D:5)
  An orc priest (D:3)
  Crazy Yiuf (D:4)
  A centaur skeleton (D:4)
  2 orc wizards (D:3)
  An iguana (D:4)
  5 gnolls
  6 adders
  2 oozes
  2 worms
  3 dart slugs
  2 leopard geckos (D:3)
  17 orcs
  6 bats
  4 giant cockroaches
  12 goblins
  8 hobgoblins
  7 jackals
  A quokka (D:2)
  3 ball pythons
  A frilled lizard (D:1)
  12 kobolds
  5 rats
111 creatures vanquished.

Notes
Turn   | Place    | Note
-------+----------+-------------------------------------------
     0 | D:1      | Naow the Minotaur Berserker began the quest for the Orb.
     0 | D:1      | Reached XP level 1. HP: 19/19 MP: 0/0
   429 | D:1      | Reached skill level 4 in Axes
   429 | D:1      | Reached XP level 2. HP: 27/27 MP: 1/1
   618 | D:1      | Reached XP level 3. HP: 11/33 MP: 2/2
  1048 | D:2      | Reached skill level 5 in Axes
  1243 | D:2      | Reached ** piety under Trog
  1253 | D:2      | Found a shadowy altar of Dithmenos.
  1297 | D:2      | Reached XP level 4. HP: 40/40 MP: 3/3
  1785 | D:3      | Reached skill level 6 in Axes
  1788 | D:3      | Reached XP level 5. HP: 38/46 MP: 4/4
  2093 | D:3      | Reached skill level 7 in Axes
  2304 | D:3      | Reached *** piety under Trog
  2708 | D:4      | Noticed cortexin's ghost (amateur SpAs)
  2718 | D:4      | Reached XP level 6. HP: 52/52 MP: 5/5
  2727 | D:4      | Killed cortexin's ghost
  2727 | D:4      | Reached skill level 8 in Axes
  2814 | D:4      | Noticed Eustachio
  2828 | D:4      | Killed Eustachio
  2828 | D:4      | Reached skill level 9 in Axes
  2828 | D:4      | Reached XP level 7. HP: 41/58 MP: 6/6
  3198 | D:4      | Found a runed door.
  3202 | D:4      | Noticed Crazy Yiuf
  3205 | D:4      | Killed Crazy Yiuf
  3264 | D:4      | Reached skill level 10 in Axes
  3616 | D:4      | Found Hypsaunt's Jewellery Shop.
  3670 | D:4      | Found a white marble altar of Elyvilon.
  3695 | D:5      | Entered Level 5 of the Dungeon
  3713 | D:5      | Noticed Menkaure
  3717 | D:5      | Killed Menkaure
  3766 | D:5      | Found a sparkling altar of Nemelex Xobeh.
  3825 | D:5      | Reached skill level 11 in Axes
  3853 | D:5      | Reached XP level 8. HP: 35/66 MP: 7/7
  3927 | D:5      | Slain by a centaur

Vault maps used:
D:1:      erik_arrival_triangle_huge
D:2:      marbit_many_paths
D:3:      first_bread, hex_intersection, guppyfry_early_orc_mine
D:4:      kennysheep_mini, serial_shops, shop, st_stairs_12, grunt_decor_cap,
          uniq_eustachio, uniq_crazy_yiuf_cottage
D:5:      lemuel_crystal_altar, kennysheep_little_box, serial_shops, shop,
          minmay_misc_feat_alley, minivault_1, uniq_menkaure

Skill      XL: |  1  2  3  4  5  6  7 |
---------------+----------------------+-----
Axes           | 4 5 6 7 9 11 | 11.5
Fighting       | |  3.9
Armour         | |  2.8
Dodging        | |  2.4

Action                   |  1- 3 |  4- 6 |  7- 9 || total
-------------------------+-------+-------+-------++-------
Melee: Hand axe          |    52 |   112 |    91 ||   255
       Headbutt          |     3 |    13 |    12 ||    28
Invok: Berserk           |     2 |     3 |     3 ||     8
       Trog's Hand       |       |       |     1 ||     1
 Stab: Sleeping          |     1 |       |       ||     1
  Eat: Chunk             |     3 |     7 |    29 ||    39
Armor: Animal skin       |    13 |     8 |     5 ||    26
       Ring mail         |       |       |     2 ||     2
Dodge: Dodged            |    44 |    64 |    42 ||   150
